 Dungeon Crawl Stone Soup version 0.28.0-53-g5a82cb258f (webtiles) character file.

Game seed: 11012839524517396401

804 Sin92 the Skirmisher (level 7, -16/55 HPs)
             Began as a Demonspawn Fighter on June 8, 2022.
             Demolished by an ogre
             ... wielding a +0 giant club
              (20 damage)
             ... on level 4 of the Dungeon.
             The game lasted 00:03:55 (2641 turns).

Sin92 the Skirmisher (Demonspawn Fighter)           Turns: 2641, Time: 00:03:56

Health: -16/55     AC: 14    Str: 16    XL:     7   Next: 60%
Magic:  7/7        EV: 10    Int:  9    God:
Gold:   56         SH:  5    Dex: 15    Spells: 6/6 levels left

rFire   . . .      SeeInvis .   f - +0 hand axe (vorpal)
rCold   + . .      Faith    .   c - +0 buckler
rNeg    . . .      Spirit   .   l - +1 scale mail {rC+}
rPois   .          Reflect  .   (no helmet)
rElec   .          Harm     .   (no cloak)
rCorr   .          Rampage  .   g - +0 pair of gloves
Will    .....                   (no boots)
Stlth   ..........              (no amulet)
HPRegen 0.18/turn               i - +4 ring of protection
MPRegen 0.10/turn               (no ring)

@: no status effects
A: sharp scales 1, demonic magic 2, demonic touch 1
a: no special abilities


You were on level 4 of the Dungeon.
You visited 1 branch of the dungeon, and saw 5 of its levels.

You collected 56 gold pieces.

Inventory:

Hand Weapons
 a - a +0 flail
 f - a +0 vorpal hand axe (weapon)
Missiles
 o - a throwing net (quivered)
Armour
 b - a +0 scale mail
 c - a +0 buckler (worn)
 g - a +0 pair of gloves (worn)
 j - a +0 chain mail
 l - a +1 scale mail of cold resistance (worn)
 q - a +0 plate armour
Jewellery
 i - a +4 ring of protection (left hand)
Wands
 k - a wand of flame (17)
Scrolls
 d - 2 scrolls of identify
 h - a scroll of fear {unknown}
 m - a scroll of silence
Potions
 e - a potion of magic
 n - a potion of ambrosia {unknown}
 p - 2 potions of degeneration {unknown}


   Skills:
 + Level 4.8 Fighting
 + Level 3.0(3.3) Axes
 - Level 1.9(2.8) Maces & Flails
 + Level 4.3 Armour
 + Level 3.2 Dodging
 + Level 4.3 Shields


You had 6 spell levels left.
You didn't know any spells.
Your spell library contained the following spells:

 Spells                   Type           Power      Damage    Failure   Level
 Foxfire                  Conj/Fire      0%         2x1d4     88%         1
 Slow                     Hex            0%         N/A       88%         1
 Blink                    Tloc           0%         N/A       95%         2
 Confusing Touch          Hex            0%         N/A       99%         3
 Conjure Flame            Conj/Fire      0%         6-21      99%         3
 Gell's Gravitas          Tloc           0%         N/A       99%         3
 Inner Flame              Hex/Fire       0%         N/A       99%         3
 Lesser Beckoning         Tloc           0%         N/A       99%         3
 Teleport Other           Tloc           0%         N/A       99%         3
 Vampiric Draining        Necr           0%         2d6       99%         3
 Flame Wave               Conj/Fire      0%         2d4       100%        4
 Manifold Assault         Tloc           0%         N/A       100%        5
 Dispersal                Tloc           0%         N/A       100%        6
 Storm Form               Tmut/Air       0%         N/A       100%        7


Dungeon Overview and Level Annotations

Branches:
Dungeon (5/15)
 Temple: D:4-7

Altars:
Hepliaklqana
Qazlal
Xom

Shops:
D:1 *   D:3 (


Innate Abilities, Weirdness & Mutations

You are partially covered in razor-sharp scales. (AC +1, Slay +1)
Spells you cast may paralyse nearby enemies.
Your touch may inflict minor irresistible damage on your foes.


Message History

You hit the ogre. The ogre hits you with a +0 giant club.
There are monsters nearby!
You hit the ogre.
The ogre is heavily wounded.
You hit the ogre but do no damage. The ogre barely misses you.
You block the ogre's attack.
You hit the ogre.
The ogre is severely wounded.
You hit the ogre. The ogre hits you with a +0 giant club!
The ogre hits you with a +0 giant club.
There are monsters nearby!
There are monsters nearby!
You are too injured to fight recklessly!
There are monsters nearby!
You are too injured to fight recklessly!
You are too injured to fight recklessly!
There are monsters nearby!
Unknown command.
You are too injured to fight recklessly!
Unknown command.
You are too injured to fight recklessly!
You are too injured to fight recklessly!
Unknown command.
You hit the ogre but do no damage.
The ogre is heavily wounded.
You block the ogre's attack.
You hit the ogre.
The ogre is heavily wounded.
The ogre hits you with a +0 giant club!!
* * * LOW HITPOINT WARNING * * *
You barely miss the ogre.
The ogre is heavily wounded.
The ogre barely misses you.
You slash the ogre!
The ogre is almost dead.
The ogre closely misses you.
You barely miss the ogre.
The ogre is almost dead.
The ogre hits you with a +0 giant club!!
You die...

##### #.#### .... #
#.... #..###.#.#....
#####.#.#.#.#...
................
.#####..#.#.#..#####..
#..#.# #........#
##.#.#.##.#####.#
#...#...OO@....#
#...####.#######
#.....<.........
####.#..#.#.#######
........#.#.#
####.##.#.#.#
#.##...#.# #.##...#.#
#.##...#.#


You could see 2 ogres.

Vanquished Creatures
  Pikel (D:4)
  An ice beast (D:3)
  A lemure (D:4)
  2 orc priests (D:3)
  2 orc wizards (D:3)
  3 gnolls (D:3)
  2 adders
  3 worms
  2 dart slugs
  8 orcs (D:3)
  9 ball pythons
  4 endoplasms
  4 giant cockroaches
  4 goblins
  7 hobgoblins
  4 jackals (D:2)
  3 kobolds
  7 quokkas
  7 bats
  3 frilled lizards (D:1)
  3 rats
80 creatures vanquished.

Notes
Turn   | Place    | Note
-------+----------+-------------------------------------------
     0 | D:1      | Sin92 the Demonspawn Fighter began the quest for the Orb.
     0 | D:1      | Reached XP level 1. HP: 18/18 MP: 1/1
   165 | D:1      | Gained mutation: Your touch may inflict minor irresistible
                  | damage on your foes. [demonic ancestry]
   165 | D:1      | Reached XP level 2. HP: 24/24 MP: 2/2
   406 | D:1      | Gained mutation: Spells you cast may paralyse adjacent
                  | enemies. [demonic ancestry]
   406 | D:1      | Reached XP level 3. HP: 23/29 MP: 3/3
   406 | D:1      | Found Hiuqon Vurru's Assorted Antiques.
   517 | D:1      | Found a faded altar of an unknown god.
   629 | D:1      | Reached skill level 1 in Dodging
  1030 | D:2      | Reached skill level 1 in Axes
  1203 | D:2      | Gained mutation: You are partially covered in razor-sharp
                  | scales. (AC +1, Slay +1) [demonic ancestry]
  1203 | D:2      | Reached XP level 4. HP: 35/35 MP: 4/4
  1238 | D:2      | Found a shimmering altar of Xom.
  1630 | D:3      | You fall into a shaft and drop 2 floors!
  1630 | D:5      | Entered Level 5 of the Dungeon
  1643 | D:5      | Found a hazy altar of Hepliaklqana.
  1648 | D:4      | Noticed a lemure
  1648 | D:4      | Noticed a lemure
  1651 | D:4      | Noticed Pikel
  1654 | D:4      | Noticed a lemure
  1655 | D:4      | Noticed a lemure
  1665 | D:4      | Killed a lemure
  1667 | D:4      | Killed Pikel
  1668 | D:4      | Gained mutation: Spells you cast may paralyse nearby
                  | enemies. [demonic ancestry]
  1668 | D:4      | Reached XP level 5. HP: 30/43 MP: 5/5
  1668 | D:4      | Reached XP level 6. HP: 34/49 MP: 6/6
  1668 | D:4      | Reached XP level 7. HP: 38/55 MP: 7/7
  1867 | D:3      | Found Weom's Antique Weapon Emporium.
  1975 | D:3      | Found a stormy altar of Qazlal.
  2641 | D:4      | Demolished by an ogre

Illustrated notes

Levels and vault maps discovered:
D:1:      dpeg_arrival_round_c, layout_rooms, serial_shops, nicolae_shop_trees,
          shapermc_ecumenical_altar_totnotflames, minmay_tetromino_t4
D:2:      minmay_angry_zag, layout_basic, basic_altar, minmay_misc_feat_roman,
          minmay_worlds_worst_comb
D:3:      layout_basic, marbit_many_paths, serial_shops, shop, solitary_fountain
D:4:      layout_basic, corexii_corridor_pit, uniq_edmund, uniq_pikel,
          uniq_sigmund
D:5:      layout_gridville, lemuel_doored_altar, uniq_blork_the_orc,
          uniq_prince_ribbit1

Skill      XL: |  1  2  3  4  5  6  7 |
---------------+----------------------+-----
Armour         | 3 4 |  4.3
Dodging        | 1 2 3 |  3.2
Shields        | 3 4 |  4.3
Axes           | 1 2 3 |  3.0
Fighting       | 4 |  4.8
Maces & Flails | |  1.9

Action                   |  1- 3 |  4- 6 |  7- 9 || total
-------------------------+-------+-------+-------++-------
Melee: Flail             |    21 |       |       ||    21
       Hand axe          |    93 |    28 |    94 ||   215
  Use: Scroll            |     1 |       |     2 ||     3
       Potion            |       |     1 |     1 ||     2
Armor: Scale mail        |    31 |    13 |    31 ||    75
       Chain mail        |    45 |       |       ||    45
Dodge: Dodged            |    58 |    20 |    34 ||   112
Block: Buckler           |    33 |     8 |    19 ||    60
